 Dungeon Crawl Stone Soup version 0.28-a0-1130-gc51a68064b (webtiles) character file.

Game seed: 11370042168942653454

32 Redcow54321 the Covert (level 3, -13/34 (35) HPs)
             Began as a Gnoll Delver on Dec 13, 2021.
             Mangled by a wight (16 damage)
             ... on level 5 of the Dungeon.
             The game lasted 00:01:12 (321 turns).

Redcow54321 the Covert (Gnoll Delver)                Turns: 321, Time: 00:01:12

HP:   -13/34 (35)   AC:  3    Str: 13    XL:     3   Next: 25%
MP:   4/4           EV: 13    Int:  9    God:
Gold: 29            SH:  0    Dex: 13    Spells: 3/3 levels left

rFire   . . .      SeeInvis .   a - +0 falchion
rCold   . . .      Faith    .   (no shield)
rNeg    . . .      Spirit   .   b - +0 leather armour
rPois   .          Reflect  .   (no helmet)
rElec   .          Harm     .   (no cloak)
rCorr   .          Rampage  .   (no gloves)
Will    .....                   (no boots)
Stlth   ++++......              (no amulet)
HPRegen 0.11/turn               (no ring)
MPRegen 0.09/turn               (no ring)

@: lightly drained
A: fangs 1, strong nose, distributed training
a: no special abilities


You were on level 5 of the Dungeon.
You visited 1 branch of the dungeon, and saw 2 of its levels.

You collected 29 gold pieces.

Inventory:

Hand Weapons
 a - a +0 falchion (weapon)
Armour
 b - a +0 leather armour (worn)
Wands
 g - a wand of digging (3)
Scrolls
 c - a scroll of fog
 d - a scroll of magic mapping
 e - a scroll of fear
 h - 2 scrolls of identify {unknown}
 i - a scroll of vulnerability {unknown}
Potions
 f - a potion of haste


   Skills:
 + Level 6.5 Fighting
 + Level 0.7 Short Blades
 + Level 4.5 Long Blades
 + Level 0.7 Axes
 + Level 0.7 Maces & Flails
 + Level 0.7 Polearms
 + Level 0.7 Staves
 + Level 0.7 Slings
 + Level 0.7 Bows
 + Level 0.7 Crossbows
 + Level 0.7 Throwing
 + Level 0.7 Armour
 + Level 4.5 Dodging
 + Level 9.5 Stealth
 + Level 0.7 Shields
 + Level 0.7 Unarmed Combat
 + Level 0.7 Spellcasting
 + Level 0.5 Conjurations
 + Level 0.5 Hexes
 + Level 0.5 Summonings
 + Level 0.5 Necromancy
 + Level 0.5 Translocations
 + Level 0.5 Transmutations
 + Level 0.5 Fire Magic
 + Level 0.5 Ice Magic
 + Level 0.5 Air Magic
 + Level 0.5 Earth Magic
 + Level 0.5 Poison Magic
 + Level 0.9 Invocations
 + Level 0.7 Evocations


You had 3 spell levels left.
You didn't know any spells.
Your spell library contained the following spells:

 Spells                   Type           Power      Damage    Failure   Level
 Inner Flame              Hex/Fire       1%         N/A       75%         3
 Cause Fear               Hex            0%         N/A       98%         4
 Discord                  Hex            0%         N/A       100%        8


Dungeon Overview and Level Annotations

Branches:
Dungeon (6/15)
 Temple: D:4-7

Altars:


Innate Abilities, Weirdness & Mutations

You have very sharp teeth.
Your uncanny sense of smell can sniff out nearby items.
Your experience applies equally to all skills.


Message History

The centaur skeleton is moderately damaged.
The centaur skeleton closely misses you.
The centaur skeleton kicks you but does no damage.
You slash the centaur skeleton! You bite the centaur skeleton.
The centaur skeleton is severely damaged.
The centaur skeleton barely misses you. x2
The centaur skeleton closely misses you.
The centaur skeleton completely misses you.
You slash the centaur skeleton!
You destroy the centaur skeleton!
You have reached level 2!
You have reached level 3!
Your experience leads to an increase in your attributes!
Increase (S)trength, (I)ntelligence, or (D)exterity?
You feel stronger. x2
You start resting.
Magic restored.
There is an open door here.
Found a scroll labelled TULUADD ECLA.
h - 2 scrolls labelled TULUADD ECLA (gained 1) HP restored.
There is an open door here.
You open the door. You open the door.
There is an open door here.
Found 19 bolts.
A wight comes into view. It is wielding a +4 halberd.
The wight moves out of view.
The wight misses you.
You hit the wight but do no damage. The wight misses you.
You hit the wight but do no damage. The wight hits you with a +4 halberd!
You feel drained.
You hear an angry growl.
You completely miss the wight.
You hear a bark!
A black bear comes into view.
The wight hits you with a +4 halberd!
* * * LOW HITPOINT WARNING * * *
The wight hits you from afar with a +4 halberd!
You die...

#.##(..#.#.##.#.#
#.######.#.##.#.#
#.# #<#.##.#.# #.#
#...##.#^#
#.########.##.#.#
####.#.......###.#.#
#....#....... #.#.#
##.###....... #.#.#
#.# ....... #@#.#
#.###....... #h#
#.#......... +.z(..#
#...........
###.......
#.♣♣........ .......
#........... .###...
...### #....#######
.Z.#.## #.....
#.########## ##.#.#
##..... #.# #.....#
∆..#.. ......


You could see a black bear, a wight and a bullfrog skeleton.

Vanquished Creatures
  A centaur skeleton (D:5)
  2 orcs (D:5)
3 creatures vanquished.

Notes
Turn   | Place    | Note
-------+----------+-------------------------------------------
     0 | D:5      | Reached skill level 9 in Stealth
     0 | D:5      | Redcow54321 the Gnoll Delver began the quest for the Orb.
     0 | D:5      | Reached XP level 1. HP: 23/23 MP: 1/1
   191 | D:5      | Reached XP level 2. HP: 21/29 MP: 1/3
   191 | D:5      | Reached XP level 3. HP: 26/35 MP: 1/4
   320 | D:5      | Noticed a black bear
   321 | D:5      | Mangled by a wight

Illustrated notes

Levels and vault maps discovered:
D:5:      layout_basic, minmay_temple_entry_sparse_star, chequers_mini_garden,
          minmay_checkerbox
D:6:      layout_rooms, eino_small_chamber_without_monster

Skill      XL: | |
---------------+-+-----
Stealth        | |  9.5
Fighting       | |  6.5
Short Blades   | |  0.7
Long Blades    | |  4.5
Axes           | |  0.7
Maces & Flails | |  0.7
Polearms       | |  0.7
Staves         | |  0.7
Slings         | |  0.7
Bows           | |  0.7
Crossbows      | |  0.7
Throwing       | |  0.7
Armour         | |  0.7
Dodging        | |  4.5
Shields        | |  0.7
Unarmed Combat | |  0.7
Spellcasting   | |  0.7
Conjurations   | |  0.5
Hexes          | |  0.5
Summonings     | |  0.5
Necromancy     | |  0.5
Translocations | |  0.5
Transmutations | |  0.5
Fire Magic     | |  0.5
Ice Magic      | |  0.5
Air Magic      | |  0.5
Earth Magic    | |  0.5
Poison Magic   | |  0.5
Invocations    | |  0.9
Evocations     | |  0.7

Action                   || total
-------------------------++-------
Melee: Falchion          ||    12
       Bite              ||     1
Armor: Leather armour    ||     1
Dodge: Dodged            ||    12

Table legend: (Time is in decaauts)
 A = Elapsed time spent in this place.
 B = Non-inter-level travel time spent in this place.
 C = Inter-level travel time spent in this place.
 D = Time resting spent in this place.
 E = Time spent auto-exploring this place.
 F = Levels seen in this place.
 G = Mean time per level.
                   A        B        C        D        E       F      G
               +--------+--------+--------+--------+--------+-----+--------+
         Total |    322 |    322 |      0 |     32 |     91 |   2 |  161.0 |
       Dungeon |    322 |    322 |      0 |     32 |     91 |   2 |  161.0 |
               +--------+--------+--------+--------+--------+-----+--------+

Top non-repeatable levels by time:
     D:5: 296 daAuts
     D:6: 25 daAuts
